[Event "Titled Tuesday Blitz September 28 2021"]
[White "Tologon tegin, Semetei"]
[Black "Vakhlamov, Igor L."]
[WhiteFideId "13800574"]
[BlackFideId "24126748"]
[WhiteElo "2224"]
[BlackElo "2416"]
[Result "1-0"]
[Round "08"]
[TimeControl "180+1"]
[Date "2021.09.28"]
[WhiteClock "0:01:26"]
[BlackClock "0:00:53"]

1. d4 d5 2. c4 c6 3. Nf3 Nf6 4. Qb3 a6 5. Nc3 e6 6. a4 a5 7. e3 Na6 8. Be2 Bd6 9. O-O O-O 10. Bd2 Nb4 11. Na2 Ne4 12. Bxb4 axb4 13. c5 Bc7 14. Nxb4 f5 15. Nd3 Rf6 16. Qc2 Rh6 17. Nfe5 Qh4 18. h3 g5 19. f3 Ng3 20. Rf2 Nh1 21. Kxh1 g4 22. fxg4 fxg4 23. Bxg4 Bd7 24. Nxd7 Qxg4 25. Nf6+ Rxf6 26. Rxf6 Qg3 27. Ne5 Rxa4 28. Qxa4 Bxe5 29. dxe5 Qe1+ 30. Rxe1 1-0


[Site "https://www.chess.com"]

[Event "Titled Tuesday Blitz September 28 2021"]
[White "Visakh N R"]
[Black "Stribuk, Artiom"]
[WhiteFideId "25012223"]
[BlackFideId "13515659"]
[WhiteElo "2454"]
[BlackElo "2224"]
[Result "0-1"]
[Round "08"]
[TimeControl "180+1"]
[Date "2021.09.28"]
[WhiteClock "0:01:03"]
[BlackClock "0:00:18"]

1. d4 Nf6 2. c4 g6 3. Nc3 d5 4. cxd5 Nxd5 5. Bd2 Bg7 6. e4 Nxc3 7. Bxc3 O-O 8. Nf3 Bg4 9. Be2 Nc6 10. d5 Bxc3+ 11. bxc3 Bxf3 12. Bxf3 Ne5 13. Be2 c6 14. f4 Nd7 15. Rb1 Qa5 16. O-O cxd5 17. Rxb7 Nc5 18. Rxe7 Nxe4 19. Qd4 Nxc3 20. Bf3 Qb6 21. Qxb6 axb6 22. Rf2 Rfe8 23. Rxe8+ Rxe8 24. Rb2 b5 25. Rd2 Re1+ 26. Kf2 Ra1 27. Bxd5 Nxd5 28. Rxd5 Rxa2+ 29. Kg3 Rb2 30. Rd7 Kg7 31. Rb7 b4 32. Kf3 h5 33. h4 b3 34. g4 hxg4+ 35. Kxg4 Rb1 36. Kg3 Kf6 37. Kg2 b2 38. Rb5 Ke6 39. Kh2 Ke7 40. Kg2 f6 41. Rb6 f5 42. Kh2 Kd7 43. Kg2 Kc7 44. Rb5 Kc6 45. Rb3 Kc5 46. Rb8 Kc4 47. Rb7 Kc3 48. Rc7+ Kd3 49. Rb7 Ke4 0-1


[Site "https://www.chess.com"]

[Event "Titled Tuesday Blitz September 28 2021"]
[White "Vlachos, Anatole"]
[Black "Shkapenko, Pavel"]
[WhiteFideId "26093189"]
[BlackFideId "4151933"]
[WhiteElo "2350"]
[BlackElo "2386"]
[Result "0-1"]
[Round "08"]
[TimeControl "180+1"]
[Date "2021.09.28"]
[WhiteClock "0:00:07"]
[BlackClock "0:00:34"]

1. e4 e5 2. Nf3 Nc6 3. Bc4 d6 4. c3 f5 5. exf5 Bxf5 6. d4 e4 7. d5 exf3 8. Qxf3 Nce7 9. O-O Qd7 10. Na3 a6 11. Re1 Nf6 12. Bg5 O-O-O 13. Qe2 Kb8 14. b4 Nc8 15. Bxa6 bxa6 16. Qxa6 Be7 17. Nb5 Bd3 18. c4 Bxc4 19. a4 Nxd5 20. Bxe7 Ndxe7 21. Rec1 d5 22. Qa5 Nc6 23. Qa6 Rhf8 24. h3 Rf6 25. Rc3 Nxb4 26. Qa5 c5 27. Rd1 Ra6 28. Rxc4 Rxa5 29. Rxc5 Rxa4 0-1


[Site "https://www.chess.com"]

[Event "Titled Tuesday Blitz September 28 2021"]
[White "Vlassov, Nikolai"]
[Black "Petriashvili, Nikoloz"]
[WhiteFideId "4103360"]
[BlackFideId "13611216"]
[WhiteElo "2407"]
[BlackElo "2430"]
[Result "1-0"]
[Round "08"]
[TimeControl "180+1"]
[Date "2021.09.28"]
[WhiteClock "0:00:07"]
[BlackClock "0:00:06"]

1. e4 c5 2. c3 Nf6 3. e5 Nd5 4. d4 cxd4 5. cxd4 d6 6. Bc4 Nb6 7. Bb3 dxe5 8. Qh5 e6 9. dxe5 Qd4 10. Nf3 Qe4+ 11. Be3 Nc6 12. Qxf7+ Kxf7 13. Ng5+ Kg6 14. Nxe4 Nxe5 15. O-O Bd7 16. Nbc3 Bc6 17. Bxe6 Nec4 18. Bxb6 Nxb6 19. f4 h5 20. f5+ Kh6 21. h4 Be7 22. g3 Rad8 23. Rad1 Nd7 24. Nd5 Bxd5 25. Rxd5 Nb6 26. Ra5 a6 27. Ng5 Bxg5 28. hxg5+ Kxg5 29. f6+ Kg6 30. fxg7 Kxg7 31. Rf7+ Kh6 32. Rxb7 Rd6 33. Bf5 Nd5 34. Rd7 Rxd7 35. Bxd7 Nf6 36. Rxa6 Kg5 37. Be6 Rd8 38. b4 Ne4 39. Ra5+ Kf6 40. Bd5 Nxg3 41. Kg2 h4 42. Kh3 Kg5 43. Bc6+ Kf4 44. b5 Rd3 45. Ra4+ Kg5 46. Rg4+ Kf6 47. Rf4+ Kg5 48. Rf3 Rd4 49. b6 Rb4 50. b7 Rb1 51. Rb3 Rg1 52. b8=Q Nh5 53. Qg8+ Kf6 54. Qxg1 Nf4+ 55. Kxh4 Ne2 56. Qg5+ Ke6 57. Re3+ Kd6 58. Rxe2 Kc7 59. Qf6 Kb6 60. Bg2+ Kc7 61. Re7+ Kb8 62. Qf8# 1-0


[Site "https://www.chess.com"]

[Event "Titled Tuesday Blitz September 28 2021"]
[White "Vokhidov, Shamsiddin"]
[Black "Sjugirov, Sanan"]
[WhiteFideId "14204223"]
[BlackFideId "4189302"]
[WhiteElo "2616"]
[BlackElo "2654"]
[Result "0-1"]
[Round "08"]
[TimeControl "180+1"]
[Date "2021.09.28"]
[WhiteClock "0:00:05"]
[BlackClock "0:00:09"]

1. e4 c5 2. Nf3 Nc6 3. Bb5 e6 4. Bxc6 bxc6 5. d3 Qc7 6. O-O Ne7 7. Ng5 h6 8. Qh5 g6 9. Qh4 Bg7 10. Nh3 g5 11. Qh5 e5 12. Kh1 d6 13. Ng1 Qd7 14. Nd2 Qg4 15. Qxg4 Bxg4 16. a3 Be6 17. b4 cxb4 18. axb4 Kd7 19. Ne2 Rhb8 20. Ra4 a5 21. bxa5 Rb5 22. Nc4 Bxc4 23. Rxc4 Raxa5 24. Bd2 Ra3 25. g3 d5 26. Rb4 Rxb4 27. Bxb4 Ra2 28. Rc1 dxe4 29. Nc3 Rb2 30. Ba3 Rb8 31. dxe4 Nc8 32. Rd1+ Kc7 33. Kg2 Ra8 34. Bc5 Bf6 35. Rd3 Be7 36. Bxe7 Nxe7 37. Rf3 Rf8 38. Na4 f5 39. Nb2 f4 40. Nc4 g4 41. Ra3 f3+ 42. Kf1 Rb8 43. Ra7+ Kd8 44. Ke1 Rb4 45. Nd6 Rd4 46. Nf7+ Ke8 47. Nxh6 Rxe4+ 48. Kd2 Re2+ 49. Kd3 e4+ 50. Kd4 e3 51. Nxg4 exf2 52. Nxf2 Rxf2 53. Ke3 Rxh2 54. Kxf3 Rxc2 55. g4 Kf7 56. g5 Rc1 57. g6+ Kf6 58. g7 Rg1 59. Ra8 Rxg7 60. Ke4 Rg4+ 61. Kd3 Ke6 62. Rd8 Rg5 63. Kc4 Rd5 64. Rh8 Kd7 65. Rh7 Kd6 66. Rh6+ Kc7 67. Rh7 Rd7 68. Kc5 Nc8 69. Rh6 Rd5+ 70. Kc4 Nd6+ 71. Kc3 c5 72. Rh8 Kc6 73. Rh6 Rf5 74. Rg6 Rf3+ 75. Kd2 c4 76. Rg5 Rd3+ 77. Kc2 Rh3 78. Rg8 Nb5 79. Rc8+ Kd5 80. Rd8+ Kc5 81. Rc8+ Kb4 82. Rb8 Rh2+ 0-1


[Site "https://www.chess.com"]

[Event "Titled Tuesday Blitz September 28 2021"]
[White "Wagner, Dennis"]
[Black "Hess, Robert"]
[WhiteFideId "24650684"]
[BlackFideId "2022036"]
[WhiteElo "2355"]
[BlackElo "2557"]
[Result "1-0"]
[Round "08"]
[TimeControl "180+1"]
[Date "2021.09.28"]
[WhiteClock "0:00:09"]
[BlackClock "0:00:02"]

1. e4 g6 2. d4 Bg7 3. Nc3 a6 4. Be3 b5 5. Nf3 Bb7 6. Bd3 d6 7. a4 b4 8. Ne2 Nd7 9. c3 Ngf6 10. Ng3 c5 11. cxb4 cxb4 12. a5 O-O 13. O-O e5 14. d5 Nc5 15. Bxc5 dxc5 16. Nd2 Bh6 17. Nc4 Qe7 18. Qe2 Rfd8 19. Rfd1 Ne8 20. Nf1 Nd6 21. Nfe3 Nb5 22. Nb6 Nd4 23. Qf1 Ra7 24. Nc2 b3 25. Nxd4 cxd4 26. Ra4 Bc8 27. Bc4 Bg4 28. Rda1 Qc5 29. Bxb3 Bd2 30. h3 Bd7 31. Rc4 Qd6 32. Ba4 Bb5 33. Bxb5 axb5 34. Rc6 Qb4 35. d6 Qxb2 36. d7 Bxa5 37. Rc8 Rxd7 38. Rxd8+ Rxd8 39. Rxa5 d3 40. Nd5 Qd4 41. Rxb5 Kg7 42. Rb4 Rxd5 43. Rxd4 Rxd4 44. f3 d2 45. Qd1 Kf6 46. Kf2 Kg5 47. g3 h5 48. h4+ Kf6 49. Ke2 Kg7 50. Ke3 Kf6 51. Ke2 Ke7 52. Ke3 f6 53. f4 Kd6 54. Kf3 Rd3+ 55. Ke2 Rd4 56. Kf2 Ke7 57. fxe5 fxe5 58. Kf3 Kf6 59. Ke3 Ke7 60. Kf2 Kd6 61. Kf1 Kc5 62. Qc2+ Kd6 63. Qd1 Ke6 64. Kf2 Ke7 65. Kf3 Kf6 66. Ke3 Kg7 67. Kf2 Kf6 68. Ke2 Rxe4+ 69. Kd3 Rd4+ 70. Ke3 Ke7 71. Ke2 Re4+ 72. Kd3 Rd4+ 73. Ke2 Ke6 74. Qb3+ Kf6 75. Kd1 Kf5 76. Qf3+ Ke6 77. Qe3 Rd6 78. Qg5 Kd5 79. Kxd2 Ke4+ 80. Ke2 Kd5 81. Ke3 Rc6 82. Qd8+ Rd6 83. Qg8+ Kc5 84. Ke4 1-0


[Site "https://www.chess.com"]

[Event "Titled Tuesday Blitz September 28 2021"]
[White "Weetik, Vjacheslav"]
[Black "Spitzl, Vinzent"]
[WhiteFideId "4153472"]
[BlackFideId "12901253"]
[WhiteElo "2469"]
[BlackElo "2160"]
[Result "1-0"]
[Round "08"]
[TimeControl "180+1"]
[Date "2021.09.28"]
[WhiteClock "0:00:12"]
[BlackClock "0:00:22"]

1. e4 d5 2. exd5 Qxd5 3. Nc3 Qd8 4. d4 Nf6 5. Nf3 g6 6. Ne5 Bg7 7. Bc4 O-O 8. Be3 a6 9. a4 Nbd7 10. f4 c5 11. O-O cxd4 12. Bxd4 Qc7 13. Qe2 Nc5 14. a5 Be6 15. Kh1 Bxc4 16. Qxc4 Rac8 17. Rad1 Ne6 18. Qxc7 Rxc7 19. Bb6 Rcc8 20. g3 Nc5 21. Rfe1 Rfe8 22. Re2 h5 23. Kg2 Ng4 24. Nd5 Nxe5 25. fxe5 Ne6 26. b3 Rc6 27. c4 Rcc8 28. h4 Bh6 29. Rf1 Ng7 30. Ref2 Nf5 31. Rxf5 gxf5 32. Rxf5 Rc6 33. Rxh5 Bg7 34. Rg5 Rg6 35. Rxg6 fxg6 36. e6 Be5 37. Bc5 Kg7 38. Bxe7 Bd4 39. g4 Be5 40. g5 Bd4 41. Bf6+ Bxf6 42. gxf6+ Kf8 43. Nc7 Rc8 44. e7+ 1-0


[Site "https://www.chess.com"]

[Event "Titled Tuesday Blitz September 28 2021"]
[White "Yakubboev, Nodirbek"]
[Black "Moroni, Luca Jr"]
[WhiteFideId "14203987"]
[BlackFideId "865834"]
[WhiteElo "2464"]
[BlackElo "2491"]
[Result "1-0"]
[Round "08"]
[TimeControl "180+1"]
[Date "2021.09.28"]
[WhiteClock "0:00:44"]
[BlackClock "0:00:07"]

1. d4 g6 2. e4 Bg7 3. Nc3 d6 4. f4 Nf6 5. Nf3 O-O 6. Be3 c6 7. e5 Nd5 8. Nxd5 cxd5 9. Bd3 Nc6 10. c3 Rb8 11. O-O b5 12. b4 Bg4 13. a4 a6 14. axb5 axb5 15. h3 Bxf3 16. Qxf3 e6 17. Ra6 Rb6 18. Rfa1 Nb8 19. Rxb6 Qxb6 20. Qe2 Rc8 21. Ra3 dxe5 22. dxe5 Qd8 23. Bxb5 Bf8 24. Bd4 Qh4 25. Qf2 Qh5 26. Ra8 Qd1+ 27. Kh2 Bh6 28. Qh4 Kg7 29. Ra7 Rf8 30. Bc5 Kg8 31. Qxh6 1-0


[Site "https://www.chess.com"]

[Event "Titled Tuesday Blitz September 28 2021"]
[White "Yoo, Christopher Woojin"]
[Black "Yeletsky, Ivan"]
[WhiteFideId "30909694"]
[BlackFideId "24180327"]
[WhiteElo "2105"]
[BlackElo "2344"]
[Result "0-1"]
[Round "08"]
[TimeControl "180+1"]
[Date "2021.09.28"]
[WhiteClock "0:00:01"]
[BlackClock "0:00:06"]

1. e4 c5 2. Nf3 d6 3. d4 cxd4 4. Nxd4 Nf6 5. Nc3 a6 6. h4 e5 7. Nf5 Nxe4 8. Nxg7+ Bxg7 9. Nxe4 d5 10. Ng3 Nc6 11. Nh5 O-O 12. Be2 Bf5 13. c3 Qd6 14. O-O Rad8 15. Bg4 Bxg4 16. Qxg4 Qg6 17. Qe2 d4 18. Nxg7 Qxg7 19. cxd4 Nxd4 20. Qd3 Qg4 21. f3 Qxh4 22. f4 Qg4 23. Rf2 e4 24. Qe3 Rfe8 25. Kh2 Nf5 26. Qh3 h5 27. b3 Rd3 28. Qxg4+ hxg4 29. Rf1 Kg7 30. Bb2+ Kg6 31. Kg1 Rd2 32. Rf2 e3 33. Rxd2 exd2 34. Bc3 Re2 35. Rd1 g3 36. Bxd2 Nh4 37. Be1 Rxg2+ 38. Kf1 Rxa2 39. Bxg3 Nf5 40. Bf2 Rb2 41. Rd3 b5 42. Kg2 a5 43. Kf3 a4 44. bxa4 bxa4 45. Rd8 a3 46. Rg8+ Kh7 47. Ra8 a2 48. Be1 Nd4+ 49. Ke4 Nb3 50. Bc3 Rc2 51. Rh8+ Kg6 52. f5+ Kg5 53. Rg8+ Kh4 54. Bf6+ Kh3 55. Ra8 Kg2 56. Ra3 Nc5+ 57. Kd5 Nd7 58. Bd4 Kf1 59. Ke4 Ke2 60. Rh3 Nc5+ 61. Kd5 Nd3 62. Rh2+ Kd1 63. Rh1+ Kd2 64. Rh2+ Kd1 65. Rh1+ Ne1 66. Rh8 Rd2 67. Ra8 Nf3 68. Ke4 Nxd4 69. f6 Nb3 0-1


[Site "https://www.chess.com"]

[Event "Titled Tuesday Blitz September 28 2021"]
[White "Zubov, Alexander"]
[Black "Nesterov, Arseniy"]
[WhiteFideId "14109409"]
[BlackFideId "24198455"]
[WhiteElo "2740"]
[BlackElo "2494"]
[Result "1-0"]
[Round "08"]
[TimeControl "180+1"]
[Date "2021.09.28"]
[WhiteClock "0:00:04"]
[BlackClock "0:00:03"]

1. d4 d5 2. c4 c6 3. Nf3 Nf6 4. Qb3 dxc4 5. Qxc4 Bg4 6. Nbd2 e6 7. g3 Nbd7 8. Bg2 Be7 9. O-O a5 10. Qb3 Qb6 11. Nc4 Qa6 12. a4 O-O 13. Bd2 Ne4 14. Bxa5 Nd6 15. Bb4 Qxc4 16. Qxc4 Nxc4 17. Bxe7 Rfe8 18. Bb4 Nxb2 19. a5 e5 20. dxe5 Bxf3 21. Bxf3 Nxe5 22. Bg2 Nbc4 23. Rfc1 c5 24. Be1 Nd6 25. Rxc5 Nc6 26. a6 Rxe2 27. Kf1 Ree8 28. Bxc6 bxc6 29. Rxc6 Nb5 30. Rd1 h6 31. Rd5 Reb8 32. h4 Na7 33. Rc7 Nb5 34. Rb7 Na7 35. Rdd7 Nc6 36. Rxf7 Rxb7 37. axb7 Rb8 38. Rc7 Nd8 39. Rc8 1-0


[Site "https://www.chess.com"]

[Event "Titled Tuesday Blitz September 28 2021"]
[White "pawel83"]
[Black "Gaehwiler, Gabriel"]
[BlackFideId "1314530"]
[WhiteElo "2449"]
[BlackElo "2320"]
[Result "0-1"]
[Round "08"]
[TimeControl "180+1"]
[Date "2021.09.28"]
[WhiteClock "0:00:02"]
[BlackClock "0:00:17"]

1. d4 Nf6 2. Nf3 g6 3. c4 Bg7 4. Nc3 O-O 5. e4 d6 6. Be2 Bg4 7. O-O e5 8. dxe5 dxe5 9. Qxd8 Rxd8 10. Bg5 Re8 11. Nd2 Bxe2 12. Nxe2 c6 13. f3 Na6 14. Nb3 Nc7 15. Rfd1 Ne6 16. Be3 Bf8 17. a3 a5 18. a4 Bb4 19. Bb6 Re7 20. Rd3 Nd7 21. Be3 Ndc5 22. Nxc5 Nxc5 23. Bxc5 Bxc5+ 24. Kf1 f5 25. exf5 gxf5 26. Rad1 Rae8 27. Ng3 Rf7 28. Rd7 Ref8 29. Ke2 Bd4 30. Rxf7 Rxf7 31. b3 c5 32. Nf1 Rg7 33. g3 Kf7 34. Ne3 Ke6 35. Nd5 Rg6 36. Kf1 Rg8 37. Re1 Rd8 38. Kg2 Rg8 39. h3 h5 40. Nf4+ Kf7 41. Nxh5 Rg6 42. g4 Rb6 43. Rb1 Rb4 44. Ng3 b5 45. cxb5 c4 46. Nxf5 Rxb3 47. Rc1 c3 48. Nd6+ Ke6 49. Ne4 Ra3 50. b6 Rb3 51. b7 Rxb7 52. Nxc3 Rb2+ 53. Kh1 Rb3 54. Ne4 Kd5 55. Nd2 Rb2 56. Rd1 Ra2 57. f4 Ke6 58. fxe5 Bxe5 59. Nc4 Bc7 60. Re1+ Kd5 61. Ne3+ Kd4 62. Nf5+ Kd5 63. Rd1+ Ke4 64. Rc1 Bf4 65. Rc4+ Kf3 66. Rxf4+ Kxf4 67. Nd6 Kg3 68. Ne4+ Kxh3 69. Kg1 Kxg4 70. Nc5 Kf3 71. Nb3 Rxa4 0-1


[Site "https://www.chess.com"]

[Event "Titled Tuesday Blitz September 28 2021"]
[White "Aghasiyev, Kamal"]
[Black "Bailey, Ben"]
[WhiteFideId "13402854"]
[BlackFideId "2021293"]
[WhiteElo "2210"]
[BlackElo "2349"]
[Result "1-0"]
[Round "09"]
[TimeControl "180+1"]
[Date "2021.09.28"]
[WhiteClock "0:00:03"]
[BlackClock "0:00:02"]

1. d4 Nf6 2. c4 g6 3. Nf3 Bg7 4. g3 O-O 5. Bg2 d5 6. cxd5 Nxd5 7. O-O Nb6 8. Nc3 Nc6 9. d5 Bxc3 10. dxc6 Bg7 11. Bf4 Nd5 12. Be5 bxc6 13. Bxg7 Kxg7 14. Ne5 Bb7 15. Qb3 Qd6 16. Nxf7 Kxf7 17. Qxb7 Rab8 18. Qxa7 Rxb2 19. e4 Nc3 20. Qe3 Ne2+ 21. Kh1 Nd4 22. e5 Qb4 23. Rad1 c5 24. Bd5+ e6 25. Qf4+ Kg7 26. Qg5 exd5 27. e6 Rf6 28. e7 Qb8 29. Rfe1 Qe8 30. Qe5 Nf3 31. Qxc7 Ne5 32. Qxe5 Rxf2 33. Rxd5 Kg8 34. Re2 Rf1+ 35. Kg2 Rf7 36. Rd8 Rxe7 37. Qxe7 1-0


[Site "https://www.chess.com"]

[Event "Titled Tuesday Blitz September 28 2021"]
[White "Al-Tarboush, Ward"]
[Black "Rusan, Paul-Cristian"]
[WhiteFideId "7601450"]
[BlackFideId "1209191"]
[WhiteElo "2319"]
[BlackElo "2167"]
[Result "1-0"]
[Round "09"]
[TimeControl "180+1"]
[Date "2021.09.28"]
[WhiteClock "0:00:02"]
[BlackClock "0:00:02"]

1. e4 c5 2. Nf3 Nc6 3. d4 cxd4 4. Nxd4 e5 5. Nb5 d6 6. c4 Be7 7. b3 Be6 8. Ba3 Nf6 9. Bxd6 O-O 10. Bxe7 Qxe7 11. N5c3 Rfd8 12. Nd5 Bxd5 13. exd5 e4 14. Be2 e3 15. O-O exf2+ 16. Rxf2 Ne4 17. Rf3 Ne5 18. Rf4 Ng6 19. Rf3 Qc5+ 20. Kf1 Nh4 21. Rf4 Qe3 22. g3 Nxg3+ 23. hxg3 Qxg3 24. Rg4 Qh3+ 25. Kg1 f5 26. Qf1 Qxf1+ 27. Kxf1 fxg4 28. Bxg4 Nf5 29. Kg1 g6 30. Nc3 Rf8 31. Ne4 Rae8 32. Ng5 Re3 33. Kh2 Rg3 34. Bxf5 Rxg5 35. Be6+ Kg7 36. c5 Rf2+ 37. Kh3 Re5 38. Kg3 Rc2 39. b4 Re3+ 40. Kf4 Rd3 41. Ke4 Rg3 42. a3 Rc4+ 43. Ke5 b6 44. Kd6 bxc5 45. bxc5 Rgc3 46. c6 h5 47. Rb1 h4 48. Rh1 g5 49. Bd7 Kf6 50. Kc7 Rd4 51. d6 Rcd3 52. Kb7 Rxd6 53. Be8 Rb3+ 54. Ka6 Re6 55. Bd7 Rd6 56. Kxa7 Rxd7+ 57. cxd7 Rd3 58. Rf1+ Kg7 59. Rg1 Kg6 60. Re1 Rxd7+ 61. Kb6 Rh7 62. Kc5 h3 63. Kd4 h2 64. Rh1 g4 65. Ke3 Kg5 66. Kf2 Kf4 67. Kg2 g3 68. Rf1+ Kg4 69. Rh1 Re7 70. Rf1 Re2+ 71. Kh1 Rf2 72. Rd1 Kf3 73. Rd3+ Ke2 74. Rxg3 Kf1 75. Rh3 Ra2 76. Rg3 1-0


[Site "https://www.chess.com"]

[Event "Titled Tuesday Blitz September 28 2021"]
[White "Assaubayeva, Bibisara"]
[Black "Timmermans, Mark"]
[WhiteFideId "13708694"]
[BlackFideId "1026399"]
[WhiteElo "2681"]
[BlackElo "2837"]
[Result "1-0"]
[Round "09"]
[TimeControl "180+1"]
[Date "2021.09.28"]
[WhiteClock "0:00:44"]
[BlackClock "0:00:27"]

1. d4 Nf6 2. c4 e6 3. Nf3 d5 4. Nc3 dxc4 5. Bg5 Nbd7 6. e4 a6 7. Bxc4 b5 8. Bd3 Bb7 9. O-O h6 10. Bxf6 Nxf6 11. Qe2 Be7 12. Rac1 b4 13. Na4 Nd7 14. Nc5 Nxc5 15. dxc5 O-O 16. c6 Bc8 17. Rfd1 Qe8 18. e5 f5 19. exf6 Bxf6 20. Qe4 Kf7 21. Qxb4 Qe7 22. Qg4 Rd8 23. Qg6+ Kf8 24. Bc4 Qf7 25. Rxd8+ Bxd8 26. Qh7 Bf6 27. Rd1 a5 28. Ne5 Qe8 29. Nd7+ Kf7 30. Bd3 Ke7 31. Bg6 Bxd7 32. Rxd7+ Qxd7 33. cxd7 Kxd7 34. b3 a4 35. Bc2 axb3 36. Bxb3 c6 37. Qd3+ Kc7 38. g3 Rd8 39. Qa6 Bd4 40. Kg2 Bb6 41. Qe2 Rf8 42. Qe5+ Kd8 43. Qb8+ 1-0


[Site "https://www.chess.com"]

[Event "Titled Tuesday Blitz September 28 2021"]
[White "Avila Pavas, Santiago"]
[Black "Bach, Ngoc Thuy Duong"]
[WhiteFideId "4437128"]
[BlackFideId "12408956"]
[WhiteElo "2292"]
[BlackElo "1896"]
[Result "0-1"]
[Round "09"]
[TimeControl "180+1"]
[Date "2021.09.28"]
[WhiteClock "0:01:07"]
[BlackClock "0:01:28"]

1. d4 d5 2. Nf3 Nf6 3. c4 c6 4. Nc3 e6 5. e3 Nbd7 6. Be2 dxc4 7. Bxc4 b5 8. Be2 a6 9. a4 b4 10. Nb1 a5 11. O-O Bb7 12. Nbd2 Be7 13. e4 O-O 14. e5 Nd5 15. Nc4 c5 16. Bd3 cxd4 17. Nd6 Ba6 18. Nxd4 Bxd3 19. Qxd3 Nxe5 20. Qg3 Bxd6 21. Nb5 Bb8 22. Rd1 Ng6 23. Qf3 Be5 24. Be3 Bxb2 25. Ra2 Qf6 26. Qe2 Nc3 27. Qxb2 Nxd1 0-1


[Site "https://www.chess.com"]

[Event "Titled Tuesday Blitz September 28 2021"]
[White "Balabayeva, Xeniya"]
[Black "Soumya, Swaminathan"]
[WhiteFideId "13719688"]
[BlackFideId "5016193"]
[WhiteElo "1965"]
[BlackElo "2115"]
[Result "0-1"]
[Round "09"]
[TimeControl "180+1"]
[Date "2021.09.28"]
[WhiteClock "0:00:01"]
[BlackClock "0:00:12"]

1. e4 c5 2. Nf3 Nc6 3. Bb5 g6 4. O-O Bg7 5. Re1 a6 6. Bxc6 dxc6 7. h3 Nf6 8. d3 Nd7 9. Nc3 e5 10. Bg5 Qc7 11. a4 b6 12. Qd2 h6 13. Bh4 a5 14. Nd1 Nf8 15. Bg3 Ne6 16. Ne3 Nd4 17. Nxd4 cxd4 18. Nc4 Be6 19. b4 O-O 20. Reb1 f5 21. exf5 gxf5 22. f4 e4 23. bxa5 bxa5 24. Rb3 e3 25. Qe1 Qf7 26. Rab1 Bxc4 27. Rb7 Qd5 28. dxc4 Qxc4 29. Rd7 Rf7 30. Rxf7 Qxf7 31. Qe2 Qd5 32. Rb7 c5 33. Qb5 Rf8 34. Rd7 Qe6 35. Qb7 Rf7 36. Rxf7 Qxf7 37. Qc8+ Kh7 0-1


[Site "https://www.chess.com"]

[Event "Titled Tuesday Blitz September 28 2021"]
[White "Bazarov, Konstantin"]
[Black "Cunha, Lucas Aguiar"]
[WhiteFideId "4137000"]
[BlackFideId "2125404"]
[WhiteElo "2035"]
[BlackElo "2361"]
[Result "1-0"]
[Round "09"]
[TimeControl "180+1"]
[Date "2021.09.28"]
[WhiteClock "0:00:09"]
[BlackClock "0:00:03"]

1. Nf3 d5 2. c4 d4 3. e3 c5 4. b4 dxe3 5. fxe3 cxb4 6. a3 bxa3 7. Bxa3 Nf6 8. d4 g6 9. Bd3 Bh6 10. Qe2 Qa5+ 11. Nbd2 Ng4 12. O-O Nxe3 13. Bxe7 Qh5 14. Ba3 f5 15. Rfe1 Nd7 16. Qf2 f4 17. Ne4 Kd8 18. h3 g5 19. Rxe3 fxe3 20. Qg3 Qg6 21. Rd1 Qa6 22. Bd6 Qa4 23. Be2 Qc2 24. Re1 Qxe4 25. Nxg5 Qg6 26. h4 Bxg5 27. hxg5 Re8 28. Bf4 Re4 29. Bxe3 Qe8 30. Bd3 Re6 31. d5 Re7 32. Bf5 Ne5 33. d6 Bxf5 34. dxe7+ Qxe7 35. Bd4 Nf3+ 36. gxf3 Qd7 37. Qe5 1-0


[Site "https://www.chess.com"]

[Event "Titled Tuesday Blitz September 28 2021"]
[White "Berezin, Viktor"]
[Black "AleksanderHnydiuk"]
[WhiteFideId "14107872"]
[WhiteElo "2310"]
[BlackElo "2608"]
[Result "0-1"]
[Round "09"]
[TimeControl "180+1"]
[Date "2021.09.28"]
[WhiteClock "0:00:03"]
[BlackClock "0:00:14"]

1. d4 Nf6 2. c4 g6 3. Nf3 Bg7 4. g3 O-O 5. Bg2 d6 6. O-O Nc6 7. Nc3 e5 8. d5 Nb8 9. e4 a5 10. Ne1 Na6 11. Nd3 Nd7 12. f4 exf4 13. gxf4 Nac5 14. Nxc5 Nxc5 15. Be3 b6 16. Bd4 Re8 17. Re1 Bg4 18. Qd2 Qh4 19. Bxg7 Kxg7 20. Qd4+ f6 21. Re3 Bd7 22. Rf1 Kf7 23. Qd2 Re7 24. e5 Bf5 25. e6+ Kg7 26. Ne4 Bxe4 27. Bxe4 f5 28. Bg2 a4 29. Rg3 Qf6 30. Kh1 Ra5 31. Rg5 Ra8 32. Rg1 Rb8 33. Qe2 Qd4 34. Rf1 b5 35. cxb5 Qb4 36. h4 Qxb5 37. Qf2 Qxb2 38. Qg3 Qxa2 39. Qc3+ Kg8 40. Qf6 Rg7 41. h5 Qb2 42. Qxb2 Rxb2 43. Rg1 a3 44. h6 Re7 45. Bh3 Ne4 46. Rxf5 Nf2+ 47. Kh2 Ng4+ 48. Kg3 gxf5 49. Bxg4 fxg4 50. Kxg4 a2 51. Kf5+ Kf8 52. Kf6 Rb1 53. Rg7 Rxg7 54. hxg7+ Kg8 55. Ke7 a1=Q 56. Kd8 Qf6+ 57. e7 Re1 58. Kxc7 Qxe7+ 59. Kc6 0-1


[Site "https://www.chess.com"]

[Event "Titled Tuesday Blitz September 28 2021"]
[White "Bristy, Mukherjee"]
[Black "Odegov, Artem"]
[WhiteFideId "25077325"]
[BlackFideId "34183644"]
[WhiteElo "1661"]
[BlackElo "2257"]
[Result "0-1"]
[Round "09"]
[TimeControl "180+1"]
[Date "2021.09.28"]
[WhiteClock "0:00:01"]
[BlackClock "0:00:07"]

1. d4 Nf6 2. Bg5 g6 3. Bxf6 exf6 4. e3 Bg7 5. Ne2 O-O 6. Nf4 f5 7. h4 c5 8. c3 d5 9. dxc5 Be6 10. h5 g5 11. Nxe6 fxe6 12. Nd2 Nd7 13. Nb3 Qe7 14. h6 Bf6 15. g4 f4 16. exf4 gxf4 17. Qd2 Kh8 18. O-O-O f3 19. Kb1 a5 20. Nd4 Nxc5 21. Nxf3 Ne4 22. Qe3 Rac8 23. Bd3 Ng5 24. Nxg5 Bxg5 25. Qd4+ Bf6 26. Qe3 a4 27. f4 d4 28. cxd4 a3 29. b3 Qb4 30. Qe4 Rf7 31. g5 Qc3 32. Rh2 Bxd4 33. Bc4 e5 34. fxe5 Qa1+ 35. Kc2 Qb2+ 36. Kd3 Qxh2 37. Qxd4 Rf3+ 38. Ke4 Rf4+ 39. Kd5 Rd8+ 40. Ke6 Rfxd4 41. Rf1 Qh3+ 42. Rf5 Rf4 0-1


[Site "https://www.chess.com"]

[Event "Titled Tuesday Blitz September 28 2021"]
[White "Coto Mederos, Michel"]
[Black "Leitao, Rafael"]
[WhiteFideId "3508528"]
[BlackFideId "2101246"]
[WhiteElo "2427"]
[BlackElo "2609"]
[Result "0-1"]
[Round "09"]
[TimeControl "180+1"]
[Date "2021.09.28"]
[WhiteClock "0:00:03"]
[BlackClock "0:00:27"]

1. c4 Nf6 2. Nc3 g6 3. g3 Bg7 4. Bg2 O-O 5. e3 e5 6. Nge2 c6 7. e4 Na6 8. O-O d5 9. exd5 cxd5 10. Nxd5 Nxd5 11. cxd5 Bf5 12. b3 Bd3 13. Re1 Nb4 14. Ba3 a5 15. Nc3 Re8 16. Rc1 Bf5 17. Nb5 Nd3 18. Nc7 Qd7 19. Nxa8 Rxa8 20. d6 Nxc1 21. Qxc1 Rc8 22. Qd1 b5 23. d4 b4 24. Bb2 exd4 25. Bxd4 Qxd6 26. Bxg7 Qxd1 27. Rxd1 Kxg7 28. Bd5 Rc2 29. Bc4 Bh3 30. f4 Rg2+ 31. Kh1 Rxa2 32. Re1 Kf6 33. Kg1 Rg2+ 34. Kh1 Rc2 35. Ra1 a4 36. Bd3 Rd2 37. Be4 a3 38. Rc1 a2 39. Ra1 Rb2 40. Bd5 Be6 41. Be4 Bf5 42. Bxf5 gxf5 0-1


[Site "https://www.chess.com"]

[Event "Titled Tuesday Blitz September 28 2021"]
[White "Damjanovic, Vladimir"]
[Black "Herrera Reyes, Jose Antonio"]
[WhiteFideId "903795"]
[BlackFideId "2274914"]
[WhiteElo "2374"]
[BlackElo "2361"]
[Result "0-1"]
[Round "09"]
[TimeControl "180+1"]
[Date "2021.09.28"]
[WhiteClock "0:00:02"]
[BlackClock "0:01:37"]

1. d4 Nf6 2. c4 c5 3. d5 b5 4. cxb5 a6 5. e3 axb5 6. Bxb5 Qa5+ 7. Nc3 Bb7 8. Bd2 Qb6 9. Bc4 e6 10. e4 Nxe4 11. Nf3 Ba6 12. Bxa6 Nxc3 13. Bxc3 Qxa6 14. Qd2 Be7 15. a3 O-O 16. O-O-O Qc4 17. Qd3 Qa2 18. Qb1 Qb3 19. Qc2 Qb5 20. Rhe1 Na6 21. Ne5 Nb4 22. Qe2 Na2+ 23. Kc2 Nxc3 24. Kxc3 Qa4 25. Qc4 Qa5+ 26. Kc2 Ra7 27. dxe6 dxe6 28. Nc6 Qb6 29. Nxa7 Qxa7 30. Rd3 Rb8 31. Red1 Bf6 32. Rb3 Rc8 33. Rbd3 Qa8 34. f3 h6 35. Rb3 Qc6 36. Qb5 Qc7 37. Rbd3 Qxh2 38. Qb7 Rb8 39. Qe4 Rxb2+ 40. Kc1 Rb8 41. R3d2 Bg5 42. f4 Qxf4 0-1


[Site "https://www.chess.com"]